 Dungeon Crawl Stone Soup version 0.18-b1-10-g3f7de93 (webtiles) character file.

80887 Gargoyl the Protected (level 15, -9/117 HPs)
             Began as a Demonspawn Abyssal Knight on Apr 28, 2016.
             Was the Champion of Lugonu.
             Mangled by a halberd of holy wrath (13 damage)
             ... on level 1 of the Elven Halls on Apr 29, 2016.
             The game lasted 01:47:42 (33380 turns).

Gargoyl the Protected (Demonspawn Abyssal Knight)  Turns: 33380, Time: 01:47:43

Health: -9/117     AC: 24    Str: 20    XL:     15   Next: 25%
Magic:  19/19      EV: 13    Int: 15    God:    Lugonu [******]
Gold:   1022       SH: 19    Dex: 16    Spells: 0 memorised, 14 levels left

rFire  + + .     SeeInvis .     s - +2 war axe (chop)
rCold  + . .     Gourm    .     H - +0 fire dragon armour
rNeg   . . .     Faith    .     j - +4 shield
rPois  .         Spirit   .     (helmet unavailable)
rElec  .         Dismiss  .     B - +2 cloak
rCorr  .         Reflect  .     f - +2 pair of gloves
SustAt .         Harm     .     w - +0 pair of boots of Repulsion {Str+3}
MR     ++...                    (no amulet)
Stlth  +++.......               y - +3 ring of dexterity
                                x - ring of protection from cold

@: hasted, very quick, very resistant to hostile enchantments, fairly stealthy
A: horns 3, large bone plates 2, cold resistance 1, magic resistance 1,
nightstalker 2, spiny 2
a: Depart the Abyss, Bend Space, Banish, Corrupt, Enter the Abyss, Brand Weapon
With Distortion, Renounce Religion


You were on level 1 of the Elven Halls.
You worshipped Lugonu.
Lugonu was exalted by your worship.
You were not hungry.

You visited 4 branches of the dungeon, and saw 24 of its levels.
You visited the Abyss 1 time.
You also visited: Labyrinth, Ossuary and Volcano.

You collected 2141 gold pieces.
You spent 1119 gold pieces at shops.

Inventory:

Hand Weapons
 q - the +5 mace "Ultimatum" {crush, rN+ Stlth+}
   (You found it on level 11 of the Dungeon)

   It inflicts extra damage upon your enemies.
   It protects you from negative energy.
   It makes you more stealthy.
 s - a +2 war axe of chopping (weapon)
 T - a +0 broad axe
Missiles
 r - 7 javelins (quivered)
Armour
 f - a +2 pair of gloves (worn)
 j - a +4 shield (worn)
 w - the +0 pair of boots of Repulsion (worn) {Str+3}
   (You bought it in a shop on level 2 of the Orcish Mines)

   It affects your strength (+3).
 B - a +2 cloak (worn)
 H - a +0 fire dragon armour (worn)
Jewellery
 e - an uncursed ring of see invisible
 p - an uncursed ring of protection from fire
 u - an uncursed ring of sustain attributes
 x - a ring of protection from cold (left hand)
 y - a +3 ring of dexterity (right hand)
 A - an uncursed ring of flight
 S - an uncursed ring of ice
Wands
 n - a wand of polymorph (19/24)
 F - a wand of digging (11/24)
 J - a wand of random effects (47/48)
Scrolls
 d - 7 scrolls of identify
 l - a scroll of summoning
 o - 3 scrolls of teleportation
 D - 8 scrolls of remove curse
 X - 2 scrolls of fear
Potions
 g - 2 potions of invisibility
 t - 4 potions of brilliance
 L - 5 potions of flight
 P - a potion of berserk rage
Miscellaneous
 m - a phial of floods
 v - a box of beasts
 O - an ornate deck of defence {the Blade}
Comestibles
 a - 5 slices of pizza
 c - 9 bread rations
 i - 12 meat rations
 k - 5 beef jerkies
 I - 4 royal jellies


   Skills:
 + Level 10.8 Fighting
 + Level 11.9 Axes
 + Level 1.1 Throwing
 * Level 14.0 Armour
 + Level 7.7 Dodging
 + Level 4.0 Stealth
 + Level 11.1 Shields
 + Level 5.9 Invocations


You had 14 spell levels left.
You didn't know any spells.

Dungeon Overview and Level Annotations

Branches:
Dungeon (13/15)            Temple (0/1) D:4            Lair (8/8) D:9
 Shoals (0/4) Lair:3       Spider (0/4) Lair:5        Slime (0/6) Lair:8
    Orc (2/2) D:12            Elf (1/3) Orc:2
 Vaults: D:13-14

Altars:
Ashenzari
Cheibriados
Dithmenos
Kikubaaqudgha
Makhleb
Nemelex Xobeh
Pakellas
Qazlal
Sif Muna
Trog
Vehumet
Xom
Yredelemnul
Zin
The Shining One

Shops:
D:5 =   D:6 *   D:9 ?   Orc:2 =%*[(

Portals:
Hell: Lair:8

Annotations:
Lair:8 exclusion: 4 oklob plants
Abyss:1 Rupert, Sonja


Innate Abilities, Weirdness & Mutations

You have a pair of large horns on your head.
You are mostly covered in large bone plates (AC +3, SH +3).
You are significantly more attuned to the shadows.
You are mostly covered in sharp spines.
Your flesh is cold resistant.
You are resistant to hostile enchantments.


Message History

The halberd of holy wrath is struck by your spines.
The halberd of holy wrath hits you!
You convulse!
You hit the halberd of holy wrath.
The halberd of holy wrath is heavily damaged.
The halberd of holy wrath hits you!
* * * LOW HITPOINT WARNING * * *
You convulse!!
* * * LOW HITPOINT WARNING * * *
A deep elf knight comes into view. It is wielding a short sword.
The deep elf knight shouts!
You hit the halberd of holy wrath but do no damage.
The halberd of holy wrath is heavily damaged.
You block the halberd of holy wrath's attack.
Drink which item? (? for menu, Esc to quit)
You feel yourself speed up.
The halberd of holy wrath is struck by your spines.
The halberd of holy wrath misses you.
The deep elf knight mumbles some strange words.
The deep elf knight seems to speed up.
The halberd of holy wrath hits you!
You die...

...#
.>.......#
...+
.........#
...#
.........#
...#
.........#
..##
.....e...#
.#'##
####e####
###.## #e# #
##.## #(# #
##.## #@# #
##.## #.# #
##.## #.# #
##.## #.#
##.## #.#
##.#####'####
##(#.......#
##).......##
#....)....#


You could see 2 deep elf knights, a deep elf mage and a halberd of holy wrath.

Vanquished Creatures
  Gastronok (Lair:1)
  The ghost of pacci the Severer, a journeyman DDBe of Trog (Elf:1)
  A deep elf sorcerer (Elf:1)
  An orc warlord (Orc:1)
  The ghost of Xenophilius the Blocker, a journeyman DDWz of Makhleb (Lair:8)
  2 dire elephants (Lair:8)
  The ghost of swiech the Severer, a journeyman MiFi of Trog (D:11)
  A minotaur (Lab)
  A dancing weapon (Elf:1)
  5 death yaks (Lair:8)
  4 orc high priests (Orc:2)
  A sun demon (Lair:8)
  An unseen horror (D:7)
  A lindwurm (Orc:2)
  A wizard (Lair:8)
  5 hill giants
  5 orc knights
  4 orc sorcerers (Orc:2)
  8 deep elf magi
  2 griffons
  Pikel (D:6)
  A manticore (Lair:3)
  A cyclops (D:12)
  3 elephants (Lair:8)
  A smoke demon (Lair:8)
  5 black mambas
  3 orange demons (Lair:8)
  A gargoyle (D:11)
  A torpor snail (Lair:6)
  13 spiny frogs
  6 komodo dragons
  4 rime drakes
  A hellwing (Lair:8)
  An efreet (Volcano)
  3 ice devils (Lair:8)
  2 red devils (Lair:8)
  7 trolls
  3 jumping spiders (Lair:5)
  A queen bee (Lair:6)
  A merfolk (D:9)
  2 polar bears
  Grinder (D:3)
  A two-headed ogre (Orc:1)
  Prince Ribbit (D:5)
  13 blink frogs
  4 redbacks (Lair:5)
  Sigmund (D:5)
  A water elemental (Elf:1)
  41 yaks
  4 wraiths
  A wyvern (D:10)
  A fire elemental (Volcano)
  8 hippogriffs
  6 basilisks
  A steam dragon (Lair:5)
  8 hungry ghosts
  A vampire mosquito (D:13)
  6 wargs
  9 porcupines
  22 water moccasins
  A hell hound (Lair:8)
  A swamp drake (D:12)
  23 orc warriors
  6 phantoms
  A slave (D:6)
  4 sky beasts
  2 ice beasts
  A black bear (D:7)
  An eye of draining (D:9)
  10 ogres
  4 wolves
  7 centaurs
  18 crocodiles
  18 big kobolds
  An earth elemental (Elf:1)
  22 giant frogs
  5 scorpions
  31 killer bees
  An electric eel (Lair:2)
  3 wights (Ossuary)
  7 howler monkeys
  6 crimson imps
  3 giant frog zombies
  3 centaur zombies
  5 hounds
  A centaur skeleton (D:9)
  5 jellies
  3 quasits
  19 orc priests
  A gnoll shaman (Orc:1)
  3 giant frog skeletons
  14 iguanas
  11 worker ants
  24 orc wizards
  A hell rat (Lair:2)
  A statue (D:9)
  6 sheep (Lair:8)
  A hound skeleton (D:7)
  5 gnolls (Orc:1)
  6 adders
  62 river rats
  5 shadow imps
  2 oozes
  An adder zombie (Ossuary)
  An adder skeleton (D:7)
  2 worms
  2 dart slugs
  7 giant geckos
  79 orcs
  2 giant cockroaches
  7 goblins
  8 hobgoblins
  15 jackals
  40 kobolds
  2 quokkas
  A ball python skeleton (Ossuary)
  6 bats
  3 giant newts
  A jackal skeleton (D:6)
  2 orc skeletons (Ossuary)
  An orc zombie (Ossuary)
  9 rats
  A plant (D:5)
782 creatures vanquished.

Vanquished Creatures (others)
  5 hydras
  A deep elf knight (Elf:1)
  A red devil (Lair:8)
  A slave (D:7)
  2 orc priests (Orc:2)
  2 orcs (D:7)
  A giant newt (D:7)
  3 fungi
  9 plants
25 creatures vanquished.

Grand Total: 807 creatures vanquished

Notes
Turn   | Place    | Note
--------------------------------------------------------------
     0 | Abyss:1  | Gargoyl the Demonspawn Abyssal Knight began the quest for the Orb.
     0 | Abyss:1  | Reached XP level 1. HP: 18/18 MP: 2/2
    35 | Abyss:1  | Found a shadowy altar of Dithmenos.
    43 | Abyss:1  | Noticed a tentacled starspawn
    44 | D:1      | Escaped the Abyss
   373 | D:1      | Reached * piety under Lugonu
   373 | D:1      | Reached skill level 1 in Dodging
   373 | D:1      | Gained mutation: You are partially covered in large bone plates (AC +2, SH +2). [demonic ancestry]
   373 | D:1      | Reached XP level 2. HP: 24/24 MP: 4/4
   688 | D:1      | Gained mutation: You are partially covered in sharp spines. [demonic ancestry]
   688 | D:1      | Reached XP level 3. HP: 19/29 MP: 5/5
  1100 | D:1      | Found a shimmering altar of Xom.
  1162 | D:2      | Reached ** piety under Lugonu
  1162 | D:2      | Reached skill level 2 in Armour
  1323 | D:2      | Found a shadowy altar of Dithmenos.
  1338 | D:2      | You fall through a shaft!
  1909 | D:2      | Gained mutation: You have a pair of small horns on your head. [demonic ancestry]
  1909 | D:2      | Reached XP level 4. HP: 35/35 MP: 6/6
  2928 | D:3      | Noticed Grinder
  2942 | D:3      | Killed Grinder
  2942 | D:3      | Reached skill level 3 in Armour
  2942 | D:3      | Reached skill level 1 in Shields
  2942 | D:3      | Gained mutation: You are mostly covered in large bone plates (AC +3, SH +3). [demonic ancestry]
  2942 | D:3      | Reached XP level 5. HP: 17/42 MP: 7/7
  2942 | D:3      | Gained mutation: You are mostly covered in sharp spines. [demonic ancestry]
  2942 | D:3      | Reached XP level 6. HP: 20/48 MP: 8/8
  3156 | D:3      | Found a sparkling altar of Nemelex Xobeh.
  3690 | D:4      | Reached skill level 4 in Armour
  3690 | D:4      | Gained mutation: You have a pair of horns on your head. [demonic ancestry]
  3690 | D:4      | Reached XP level 7. HP: 48/54 MP: 9/9
  3917 | D:4      | Found a staircase to the Ecumenical Temple.
  3936 | D:4      | Reached *** piety under Lugonu
  3936 | D:4      | Reached skill level 1 in Stealth
  4120 | D:5      | Entered Level 5 of the Dungeon
  4214 | D:5      | Noticed Prince Ribbit
  4450 | D:5      | Reached skill level 5 in Armour
  4465 | D:5      | Gained mutation: You are somewhat resistant to further mutation. [mutagenic meat]
  4467 | D:5      | Gained mutation: You possess an exceptional clarity of mind. [mutagenic meat]
  4606 | D:5      | Noticed Sigmund
  4620 | D:5      | Killed Sigmund
  4620 | D:5      | Reached XP level 8. HP: 31/61 MP: 10/10
  4820 | D:5      | Reached skill level 6 in Armour
  4973 | D:5      | Found a glowing golden altar of the Shining One.
  4981 | D:5      | Found a shattered altar of Ashenzari.
  5002 | D:5      | Found Zauwitoa's Jewellery Boutique.
  5020 | D:5      | Bought a +3 ring of dexterity for 204 gold pieces
  5114 | D:5      | Killed Prince Ribbit
  5114 | D:5      | Reached skill level 5 in Fighting
  5214 | D:5      | Found a deep blue altar of Sif Muna.
  5551 | D:6      | Reached skill level 7 in Armour
  5650 | D:6      | Reached **** piety under Lugonu
  5733 | D:6      | Found Zin's Purification Station.
  5748 | D:6      | Gained mutation: You are slightly more attuned to the shadows. [demonic ancestry]
  5748 | D:6      | Reached XP level 9. HP: 46/68 MP: 11/11
  5905 | D:6      | Found a glowing silver altar of Zin.
  6041 | D:6      | Found a sand-covered staircase.
  6047 | Ossuary  | Entered an ossuary
  6218 | Ossuary  | Reached skill level 5 in Axes
  6509 | D:7      | Noticed Pikel
  6581 | D:6      | Killed Pikel
  6581 | D:6      | Reached skill level 8 in Armour
  6750 | D:7      | Found a snail-covered altar of Cheibriados.
  7178 | D:7      | Found an oddly glowing altar of Pakellas.
  7178 | D:7      | Noticed an unseen horror
  7194 | D:7      | Killed an unseen horror
  7194 | D:7      | Reached skill level 9 in Armour
  7194 | D:7      | Reached XP level 10. HP: 74/76 MP: 12/12
  7290 | D:7      | Found a stormy altar of Qazlal.
  7502 | D:7      | Found an ancient bone altar of Kikubaaqudgha.
  7502 | D:7      | Found a basalt altar of Yredelemnul.
  7607 | D:8      | Reached ***** piety under Lugonu
  7825 | D:8      | Reached skill level 5 in Shields
  8706 | D:9      | Upgraded the game from 0.18-b1-2-gd0c887e to 0.18-b1-10-g3f7de93
  8999 | D:9      | You fall through a shaft for 2 floors!
  9111 | D:11     | Reached skill level 10 in Armour
  9144 | D:11     | Noticed a hill giant
  9152 | D:11     | Killed a hill giant
  9152 | D:11     | Gained mutation: You are significantly more attuned to the shadows. [demonic ancestry]
  9152 | D:11     | Reached XP level 11. HP: 28/83 MP: 13/13
  9188 | D:11     | Noticed a hill giant
  9216 | D:11     | Killed a hill giant
  9227 | D:11     | Noticed a hill giant
  9752 | D:11     | Noticed swiech's ghost (journeyman MiFi)
  9797 | D:11     | Killed swiech's ghost
  9833 | D:11     | Killed a hill giant
 10202 | D:10     | Entered Level 10 of the Dungeon
 10332 | D:10     | Reached ****** piety under Lugonu
 10418 | D:10     | Noticed a hill giant
 10426 | D:10     | Killed a hill giant
 10693 | D:10     | You fall through a shaft for 3 floors!
 11224 | D:9      | Found a radiant altar of Vehumet.
 11230 | D:9      | Reached skill level 11 in Armour
 11237 | D:9      | Reached skill level 1 in Throwing
 11309 | D:9      | Found a staircase to the Lair.
 11769 | D:9      | Found a shattered altar of Ashenzari.
 11797 | D:9      | Found Desacui's Magic Scroll Boutique.
 11814 | D:9      | Bought a scroll of enchant armour for 90 gold pieces
 11814 | D:9      | Bought a scroll of enchant weapon for 90 gold pieces
 12231 | D:9      | Gained mutation: Your system is resistant to poisons. [mutagenic meat]
 12232 | D:9      | Gained mutation: You have an increased reservoir of magic (+10% MP). [mutagenic meat]
 12431 | Lair:1   | Entered Level 1 of the Lair of Beasts
 12431 | Lair:1   | Noticed Gastronok
 12514 | Lair:1   | Killed Gastronok
 12526 | Lair:1   | Reached XP level 12. HP: 48/92 MP: 15/15
 13633 | Lair:2   | Noticed a six-headed hydra
 13639 | Lair:2   | Banished a seven-headed hydra
 14423 | Lair:2   | Lost mutation: Your system is resistant to poisons. [potion of cure mutation]
 14423 | Lair:2   | Lost mutation: You have an increased reservoir of magic (+10% MP). [potion of cure mutation]
 14423 | Lair:2   | Lost mutation: You possess an exceptional clarity of mind. [potion of cure mutation]
 14423 | Lair:2   | Lost mutation: You are somewhat resistant to further mutation. [potion of cure mutation]
 14424 | Lair:2   | Gained mutation: Your flesh is cold resistant. [potion of beneficial mutation]
 14425 | Lair:2   | Gained mutation: You are resistant to hostile enchantments. [potion of beneficial mutation]
 14923 | Lair:3   | Found a labyrinth entrance.
 14926 | Lab      | Entered a labyrinth
 15237 | Lab      | Reached skill level 12 in Armour
 15241 | Lab      | Noticed a minotaur
 15256 | Lab      | Killed a minotaur
 15295 | Lab      | Identified the Volume of Dusty Protection
 15790 | Lair:3   | Found a staircase to the Shoals.
 17258 | Lair:4   | Noticed Sonja
 17264 | Lair:4   | Banished Sonja
 17264 | Lair:4   | Reached skill level 5 in Dodging
 18047 | Lair:5   | Reached XP level 13. HP: 98/100 MP: 15/15
 18174 | Lair:5   | Got a fine dagger
 18175 | Lair:5   | Identified the cursed +1 dagger of Ragnarok {pain, MP+9} (You found it on level 5 of the Lair of Beasts)
 18316 | Lair:5   | Found a hole to the Spider Nest.
 18877 | Lair:5   | Reached skill level 10 in Axes
 22521 | Lair:8   | Entered Level 8 of the Lair of Beasts
 22559 | Lair:7   | Reached skill level 13 in Armour
 23092 | Lair:8   | Noticed a dire elephant
 23111 | Lair:8   | Killed a dire elephant
 23225 | Lair:8   | Noticed Xenophilius's ghost (journeyman DDWz)
 23604 | Lair:8   | Killed Xenophilius's ghost
 24066 | Lair:8   | Reached XP level 14. HP: 105/109 MP: 17/17
 24253 | Lair:8   | Found a staircase to the Slime Pits.
 24425 | Lair:8   | Reached skill level 10 in Shields
 24538 | Lair:8   | Noticed Rupert
 24540 | Lair:8   | Banished Rupert
 25047 | Lair:8   | Found a burning altar of Makhleb.
 25129 | Lair:8   | Reached skill level 5 in Invocations
 25273 | Lair:8   | Reached skill level 10 in Fighting
 25284 | Lair:8   | Found a gateway to Hell.
 26704 | D:11     | Got a smoking mace
 26706 | D:11     | Identified the +5 mace "Ultimatum" {crush, rN+ Stlth+} (You found it on level 11 of the Dungeon)
 27115 | D:12     | Found a staircase to the Orcish Mines.
 28112 | Orc:1    | Entered Level 1 of the Orcish Mines
 28507 | Orc:2    | Entered Level 2 of the Orcish Mines
 28665 | Orc:2    | Found a dark tunnel.
 28723 | Volcano  | Entered a volcano
 29209 | Orc:2    | Found a bloodstained altar of Trog.
 29229 | Orc:2    | Found Lempurus's Assorted Antiques.
 29275 | Orc:2    | Bought a scroll of enchant armour for 187 gold pieces
 29512 | Orc:2    | Noticed an orc warlord
 29590 | Orc:1    | Killed an orc warlord
 30108 | Orc:2    | Found a staircase to the Elven Halls.
 30257 | Orc:2    | Found Egyvi Sioma's Weapon Emporium.
 30258 | Orc:2    | Found Hela Pass's Armour Shop.
 31770 | Orc:2    | Gained mutation: You have a pair of large horns on your head. [demonic ancestry]
 31770 | Orc:2    | Reached XP level 15. HP: 97/117 MP: 19/19
 31869 | Orc:2    | Found Harum's Food Shop.
 31871 | Orc:2    | Found Ituetuol's Jewellery Emporium.
 31888 | Orc:2    | Bought the cursed +0 pair of boots of Repulsion {Str+3} for 148 gold pieces
 31903 | Orc:2    | Bought an uncursed ring of protection from cold for 400 gold pieces
 32268 | Elf:1    | Entered Level 1 of the Elven Halls
 32317 | Elf:1    | Noticed pacci's ghost (journeyman DDBe)
 32698 | Elf:1    | Killed pacci's ghost
 33153 | Elf:1    | Reached skill level 14 in Armour
 33188 | Elf:1    | Noticed a deep elf sorcerer
 33208 | Elf:1    | Killed a deep elf sorcerer
 33378 | Elf:1    | HP: 3/117 [halberd of holy wrath (21)]
 33380 | Elf:1    | Mangled by a halberd of holy wrath

Skill      XL: |  1  2  3  4  5  6  7  8  9 10 11 12 13 14 15 |
---------------+----------------------------------------------+-----
Dodging        | 1 2 3 4 5 6 7 |  7.7
Invocations    | 3 4 5 |  5.9
Axes           | 2 3 4 5 7 8 9 10 11 | 11.9
Armour         | 2 3 4 5 7 9 10 11 12 13 14 | 14.0
Fighting       | 4 5 6 7 8 9 10 | 10.8
Shields        | 1 2 3 4 5 7 8 9 10 11 | 11.1
Stealth        | 1 2 3 4 |  4.0
Throwing       | 1 |  1.1

Action                   |  1- 3 |  4- 6 |  7- 9 | 10-12 | 13-15 || total
-------------------------+-------+-------+-------+-------+-------++-------
Melee: Hand axe          |   109 |    65 |    68 |       |       ||   242
       Headbutt          |       |    12 |    49 |   153 |   286 ||   500
       War axe           |       |       |   182 |   648 |  1221 ||  2051
       Flail             |       |       |       |       |     3 ||     3
Throw: Tomahawk          |       |       |     5 |     6 |       ||    11
       Javelin           |       |       |       |       |     1 ||     1
Invok: Depart the Abyss  |     1 |       |       |       |       ||     1
       Banish            |       |       |       |     3 |    14 ||    17
       Bend Space        |       |       |       |       |     2 ||     2
  Use: Scroll            |     2 |       |     8 |    25 |    18 ||    53
       Potion            |       |       |       |    15 |    16 ||    31
 Stab: Sleeping          |       |       |       |     8 |    18 ||    26
       Distracted        |       |       |       |       |     4 ||     4
       Confused          |       |       |       |       |     2 ||     2
  Eat: Chunk             |     3 |     2 |     9 |    26 |    23 ||    63
       Fruit             |       |     7 |       |    12 |     4 ||    23
       Bread ration      |       |     1 |       |       |       ||     1
       Royal jelly       |       |       |     1 |       |    14 ||    15
       Meat ration       |       |       |       |     1 |       ||     1
       Pizza             |       |       |       |     1 |       ||     1
       Beef jerky        |       |       |       |     4 |     2 ||     6
Armor: Leather armour    |    32 |       |       |       |       ||    32
       Chain mail        |     7 |    27 |   132 |    20 |       ||   186
       Ring mail         |     3 |       |       |       |       ||     3
       Plate armour      |       |       |       |   223 |       ||   223
       Fire dragon armou |       |       |       |    84 |   439 ||   523
Dodge: Dodged            |    62 |    17 |    83 |   168 |   392 ||   722
Block: Other             |     5 |       |       |       |       ||     5
       Buckler           |     4 |    15 |   103 |   176 |       ||   298
       Shield            |       |       |       |   245 |  1216 ||  1461
